 Dungeon Crawl Stone Soup version 0.16.1-18-g436b03c (webtiles) character file.

980 drasked the Cleaver (level 7, -3/46 HPs)
             Began as a Demonspawn Chaos Knight on May 15, 2015.
             Slain by an iguana (5 damage)
             ... on level 6 of the Dungeon.
             The game lasted 00:21:07 (6802 turns).

drasked the Cleaver (Demonspawn Chaos Knight)       Turns: 6802, Time: 00:21:08

Health: -3/46      AC: 10    Str: 12      XL:     7   Next: 96%
Magic:  7/7        EV: 11    Int: 13      God:    Xom [*.....]
Gold:   191        SH:  0    Dex: 12 (13) Spells: 0 memorised, 6 levels left

rFire  . . .     SeeInvis .     u - +1 war axe (freeze)
rCold  . . .     Clarity  +     b - +2 leather armour
rNeg   . . .     SustAb   .     (no shield)
rPois  .         Gourm    .     f - +0 helmet
rElec  .         Spirit   .     y - +0 cloak
rCorr  .         Warding  .     (no gloves)
rMut   .         Stasis   .     j - +2 pair of boots
MR     .....                    h - amulet of clarity {Clar, !d}
Stlth  +++.......               r - +3 ring of slaying
                                p - ring of stealth {Stlth+}

@: not resistant to hostile enchantments, fairly stealthy
A: thin skeletal structure 1, clarity, clumsy 1, deterioration 1, frail 1, spiny
1, weak 1, rot immunity, MP-powered wands 1
a: Renounce Religion


You were on level 6 of the Dungeon.
You worshipped Xom.
You were a special plaything of Xom.
You were not hungry.

You visited 1 branch of the dungeon, and saw 6 of its levels.

You collected 191 gold pieces.

Inventory:

Hand weapons
 a - a +0 hand axe of chaos
 u - a +1 war axe of freezing (weapon)
   (You took it off an orc on level 3 of the Dungeon)
Missiles
 v - a throwing net {=f, !d}
Armour
 b - a +2 leather armour (worn)
 f - a +0 helmet (worn)
   (You found it on level 1 of the Dungeon)
 j - a +2 pair of boots (worn)
   (You found it on level 2 of the Dungeon)
 y - a +0 cloak (worn)
   (You found it on level 4 of the Dungeon)
Jewellery
 h - an amulet of clarity (around neck) {Clar, !d}
   (You found it on level 2 of the Dungeon)
 i - an uncursed ring of flight {+Fly, !d}
   (You found it on level 2 of the Dungeon)
 p - a ring of stealth (left hand) {Stlth+}
   (You found it on level 5 of the Dungeon)
 r - a +3 ring of slaying (right hand)
   (You found it on level 4 of the Dungeon)
 s - a cursed -2 ring of protection {unknown}
   (You took it off a kobold on level 5 of the Dungeon)
 x - a +4 ring of intelligence
   (You found it on level 4 of the Dungeon)
Magical devices
 m - a wand of frost (29)
   (You found it on level 5 of the Dungeon)
Scrolls
 e - 6 scrolls of remove curse
 o - 2 scrolls of recharging
 q - 2 scrolls of identify
 t - a scroll of vulnerability {unknown}
 w - a scroll of enchant weapon {unknown}
 z - a scroll of teleportation
 D - a scroll of random uselessness {unknown}
Potions
 d - a potion of curing
 g - a potion of resistance
Books
 l - a book of Annihilations {highlevel, unknown}
   (Xom gifted it to you on level 2 of the Dungeon)
 B - a book of Power
   (You found it on level 5 of the Dungeon)
 C - a book of Burglary
   (You found it on level 5 of the Dungeon)
Comestibles
 c - 4 bread rations {@e1}
 k - 14 fruits
 n - 2 meat rations {@e2}


   Skills:
 - Level 3.0 Fighting
 + Level 8.9 Axes
 - Level 1.7 Armour
 - Level 0.8 Dodging


You had 6 spell levels left.
You didn't know any spells.

Dungeon Overview and Level Annotations

Branches:
Dungeon (6/15)             Temple (0/1) D:4

Altars:
Gozag
Okawaru
Ru
Trog


Innate Abilities, Weirdness & Mutations

You have a somewhat thin skeletal structure (Dex +2, Stealth).
You are partially covered in sharp spines.
You are immune to rotting.
You possess an exceptional clarity of mind.
You are clumsy. (Dex -2)
Your body is slowly deteriorating.
You are frail (-10% HP).
You are weak. (Str -2)
You expend magic power (3 MP) to slightly strengthen your wands.


Message History

You take 1 damage, and have 40/46 hp.
You feel sick.
You take 1 damage, and have 39/46 hp.
You feel sick.
You take 1 damage, and have 38/46 hp.
There is an open door here.
You feel sick.
You take 1 damage, and have 38/46 hp.
You feel sick.
You take 1 damage, and have 37/46 hp.
There is a stone staircase leading down here.
You climb downwards.
A giant spore and a kobold come into view.
There is a stone staircase leading up here.
A bat comes into view.
You feel sick.
The giant spore waves its rhizomes.
The kobold shouts!
The kobold unwields an uncursed whip.
The kobold wields a glowing blowgun.
The kobold shoots a curare-tipped needle.
The curare-tipped needle barely misses you.
You take 1 damage, and have 37/46 hp.
A ballistomycete grows in the wake of the giant spore.
You closely miss the bat. The bat hits you but does no damage.
The kobold shoots a curare-tipped needle.
The curare-tipped needle completely misses you.
You slash the giant spore! You freeze the giant spore.
The giant spore explodes!
The kobold appears confused.
The explosion of spores engulfs the kobold.
The kobold dies!
The bat appears confused.
The explosion of spores engulfs the bat.
The bat dies!
The explosion of spores engulfs you!
You feel momentarily confused.
Ouch! That really hurt!
* * * LOW HITPOINT WARNING * * *
A shower of butterflies erupts from you!
Your butterfly appears confused.
The explosion of spores engulfs your butterfly.
Your butterfly dies!
A fungus suddenly grows.
Your butterfly appears confused.
The explosion of spores engulfs your butterfly.
Your butterfly dies!
An active ballistomycete comes into view.
You hear an angry hiss.
You hear a shout!
You hear an angry hiss.
You take 28 damage, and have 9/46 hp.
MASSIVE DAMAGE!!
You feel sick.
An iguana comes into view.
You swap places.
A hound comes into view.
You feel sick.
You are no longer poisoned.
You take 1 damage, and have 8/46 hp.
A sky beast comes into view.
There is a stone staircase leading up here.
The hound bites you but does no damage. The hound barely misses you.
You closely miss the hound. The hound is struck by your spines.
The hound bites you.
* * * LOW HITPOINT WARNING * * *
A hobgoblin comes into view. It is wielding a club.
You take 2 damage, and have 7/46 hp.
You slash the hound! You freeze the hound.
You kill the hound!
The iguana barely misses you.
You slash the iguana! You freeze the iguana.
You kill the iguana!
An iguana comes into view.
You slash the sky beast! You freeze the sky beast.
The sky beast barely misses you.
A hound comes into view.
You miss the sky beast.
The sky beast hits you but does no damage.
The hobgoblin hits you with a club.
* * * LOW HITPOINT WARNING * * *
You take 2 damage, and have 5/46 hp.
You closely miss the sky beast. You hit the hobgoblin but do no damage.
The hound misses your butterfly.
The sky beast flickers out of sight!
Deactivating autopickup; reactivate with Ctrl-A.
Something hits you but does no damage.
An ice beast comes into view.
You miss something. You slash the hobgoblin! You freeze the hobgoblin.
You kill the hobgoblin!
Something hits you but does no damage.
You closely miss something. Something hits you but does no damage.
The hound bites you but does no damage.
You slash something! You freeze something. You hit the hound.
You freeze the hound. The hound bites you.
* * * LOW HITPOINT WARNING * * *
Something hits you but does no damage.
You take 3 damage, and have 2/46 hp.
You slash something! You freeze something. You barely miss the iguana.
You hit the hound. You freeze the hound.
You kill the hound!
Your butterfly disappears in a puff of smoke!
The iguana bites you.
You die...
Xom is highly amused!

... .........
............
.......b......
................
...........b.....
............(....
........†{..(.....
##...Y..l@........
#[......).........
#....P).†.b........
...........§.....
...P.............
.................
...............
.............
...........


You could see an ice beast, an active ballistomycete and an iguana.

Vanquished Creatures
  An ogre (D:4)
  A sky beast (D:5)
  A phantom (D:5)
  A boggart (shapeshifter) (D:3)
  A crimson imp (D:5)
  3 hounds
  An orc priest (D:3)
  A gnoll shaman (D:5)
  2 iguanas
  3 orc wizards
  A worker ant (D:5)
  Ijyb (D:3)
  Robin (D:3)
  2 gnolls (D:3)
  6 adders
  A giant mite (D:4)
  A worm (D:4)
  4 giant geckos
  25 orcs
  A bat zombie (D:5)
  7 giant cockroaches
  19 goblins
  12 hobgoblins
  6 jackals
  A quokka (D:4)
  2 ball pythons
  12 bats
  A giant cockroach zombie (D:5)
  9 giant newts
  A giant spore (D:6)
  A jackal skeleton (D:4)
  9 kobolds
  8 rats
146 creatures vanquished.

Vanquished Creatures (collateral kills)
  A giant frog zombie (D:3)
1 creature vanquished.

Vanquished Creatures (others)
  A bat (D:6)
  A kobold (D:6)
  2 butterflies (D:6)
4 creatures vanquished.

Grand Total: 151 creatures vanquished

Notes
Turn   | Place    | Note
--------------------------------------------------------------
     0 | D:1      | drasked, the Demonspawn Chaos Knight, began the quest for the Orb.
     0 | D:1      | Reached XP level 1. HP: 18/18 MP: 1/1
    40 | D:1      | Reached skill level 3 in Axes
   165 | D:1      | Gained mutation: You are immune to rotting. [demonic ancestry]
   165 | D:1      | Reached XP level 2. HP: 24/24 MP: 2/2
   276 | D:1      | XOM: harmless Conj miscast
   494 | D:1      | XOM: colour smoke trail
   797 | D:2      | Reached XP level 3. HP: 27/29 MP: 3/3
   872 | D:2      | XOM: harmless Conj miscast
   910 | D:2      | Reached skill level 4 in Axes
   950 | D:2      | XOM: silly message
  1112 | D:2      | XOM: god gift: papyrus book {god gift}
  1204 | D:2      | XOM: medium Ice miscast
  1380 | D:2      | Found an opulent altar of Gozag.
  1520 | D:2      | XOM: give mutations
  1520 | D:2      | Gained mutation: You are weak. (Str -2) [Xom's mischief]
  1520 | D:2      | Gained mutation: You are clumsy. (Dex -2) [Xom's mischief]
  1520 | D:2      | Gained mutation: You are very weak. (Str -4) [Xom's mischief]
  1520 | D:2      | Gained mutation: Your body is slowly deteriorating. [Xom's mischief]
  1561 | D:2      | XOM: god gift: buckler {god gift}
  1772 | D:2      | XOM: mild Pois miscast
  1790 | D:2      | XOM: divination: detect creatures
  1938 | D:2      | XOM: harmless Air miscast
  2153 | D:2      | XOM: silly message
  2164 | D:3      | Noticed Robin
  2165 | D:3      | XOM: divination: detect creatures
  2166 | D:3      | Reached XP level 4. HP: 35/35 MP: 4/4
  2167 | D:3      | XOM: potion effect (curing)
  2174 | D:3      | Killed Robin
  2259 | D:3      | Reached skill level 5 in Axes
  2274 | D:3      | XOM: colour smoke trail
  2397 | D:3      | Noticed Ijyb
  2424 | D:3      | Killed Ijyb
  2582 | D:3      | Gained mutation: You have a somewhat thin skeletal structure (Dex +2, Stealth). [demonic ancestry]
  2582 | D:3      | Reached XP level 5. HP: 22/41 MP: 5/5
  2714 | D:3      | XOM: smoke on damage
  2918 | D:3      | XOM: 2-stop teleportation journey
  3004 | D:3      | XOM: summons friendly crimson imp
  3237 | D:3      | Found a bloodstained altar of Trog.
  3237 | D:3      | XOM: 2-stop teleportation journey
  3294 | D:3      | XOM: mild Air miscast
  3299 | D:3      | HP: 10/41 [orc priest/divine providence (14)]
  3306 | D:3      | HP: 10/41 [orc priest (1)]
  3308 | D:3      | Reached skill level 6 in Axes
  3369 | D:3      | XOM: mild Trmt miscast
  3369 | D:3      | HP: 8/41 [something (10)]
  3391 | D:3      | XOM: silly message
  3535 | D:3      | XOM: colour smoke trail
  3597 | D:3      | XOM: torment (20/41 hp)
  3743 | D:3      | XOM: silly message
  3763 | D:3      | Reached XP level 6. HP: 21/47 MP: 6/6
  3995 | D:3      | Found a sacrificial altar of Ru.
  4327 | D:3      | XOM: polymorph orc -> river rat
  4332 | D:3      | XOM: enchant monster (bad)
  4468 | D:3      | XOM: harmless Ice miscast
  4593 | D:4      | Lost mutation: You are very weak. (Str -4) [potion of mutation]
  4593 | D:4      | Gained mutation: You expend magic power (3 MP) to slightly strengthen your wands. [potion of mutation]
  4726 | D:4      | Found a staircase to the Ecumenical Temple.
  4744 | D:4      | Found an iron altar of Okawaru.
  4989 | D:4      | Reached skill level 7 in Axes
  5152 | D:4      | Gained mutation: You are partially covered in sharp spines. [demonic ancestry]
  5152 | D:4      | Reached XP level 7. HP: 27/52 MP: 7/7
  5313 | D:4      | XOM: silly message
  5594 | D:4      | XOM: harmless Necr miscast
  5622 | D:5      | Entered Level 5 of the Dungeon
  5671 | D:5      | XOM: silly message
  5721 | D:5      | XOM: silly message
  5778 | D:5      | XOM: medium Erth miscast
  5940 | D:5      | Reached skill level 8 in Axes
  5946 | D:5      | XOM: noise
  6241 | D:5      | XOM: medium Tloc miscast
  6417 | D:5      | XOM: harmless Trmt miscast
  6511 | D:5      | XOM: give mutations
  6511 | D:5      | Gained mutation: You possess an exceptional clarity of mind. [Xom's mischief]
  6511 | D:5      | Gained mutation: You are frail (-10% HP). [Xom's mischief]
  6552 | D:5      | XOM: colour smoke trail
  6757 | D:5      | XOM: harmless Hex miscast
  6783 | D:6      | HP: 9/46 [something (28)]
  6783 | D:6      | XOM: butterfly on damage
  6788 | D:6      | HP: 8/46 [poison (a potion of poison)]
  6797 | D:6      | HP: 5/46 [hobgoblin/club (3)]
  6801 | D:6      | HP: 2/46 [hound (3)]
  6802 | D:6      | Slain by an iguana

Action                   |  1- 3 |  4- 6 |  7- 9 || total
-------------------------+-------+-------+-------++-------
Melee: Hand axe          |   148 |   210 |       ||   358
       War axe           |       |    35 |    80 ||   115
  Use: Scroll            |     4 |     1 |     7 ||    12
       Potion            |     1 |     4 |     2 ||     7
 Stab: Paralysed         |     1 |     1 |       ||     2
  Eat: Chunk             |     3 |    11 |     5 ||    19
       Fruit             |       |       |     1 ||     1

Vault maps used:
D:1:      tarquinn_simple_flora_water_f
D:2:      lemuel_crystal_altar, serial_bayou, serial_bayou_shore_a,
          serial_bayou_shore_b, serial_bayou_pond_b, serial_bayou_lagoon_a,
          first_bread
D:3:      minitemple, uniq_robin, uniq_iyjb
D:4:      overflow_temple_1_default, minmay_temple_entry_overgrown,
          minmay_ruptured
D:6:      good_gods_mini_temple

Table legend:
 A = Turns spent in this place as a percentage of turns spent in the entire game.
 B = Non-inter-level travel turns spent in this place as a percentage of non-inter-level travel turns spent in the entire game.
 C = Inter-level travel turns spent in this place as a percentage of turns spent in this place.
 D = Turns resting spent in this place as a percentage of non-inter-level travel turns spent in this place.
 E = Turns spent auto-exploring this place as a percentage of non-inter-level travel turns spent in this place.
 F = Non-inter-level travel turns spent in this place divided by the number of levels of this place that you've seen.
                   A       B       C       D       E      F
               +-------+-------+-------+-------+-------+----------------------
         Total | 100.0 | 100.0 |   1.0 |   3.8 |   9.3 | 370.3
       Dungeon | 100.0 | 100.0 |   1.0 |   3.8 |   9.3 | 370.3
               +-------+-------+-------+-------+-------+----------------------

Table legend:
 A = Kills in this place as a percentage of kills in entire the game.
 B = Kills by you in this place as a percentage of kills by you in the entire game.
 C = Kills by friends in this place as a percentage of kills by friends in the entire game.
 D = Other kills in this place as a percentage of other kills in the entire game.
 E = Experience gained in this place as a percentage of experience gained in the entire game.
 F = Experience gained in this place divided by the number of levels of this place that you have seen.
                   A       B       C       D       E      F
               +-------+-------+-------+-------+-------+----------------------
         Total | 100.0 | 100.0 | 100.0 |  -nan | 100.0 | 233.5
       Dungeon | 100.0 | 100.0 | 100.0 |  -nan | 100.0 | 233.5
               +-------+-------+-------+-------+-------+----------------------
